Unix NetHack Version 5.0.0-0 post-release - last build May  4 2026 22:22:43 (774f63e81ad911689b3a0859ea89b322d5daca8d,branch:main).

Game began 2026-05-08 11:05:56, ended 2026-05-08 11:56:10.

1112463359, lawful female dwarven Valkyrie

                                                                         ----
                                                                        --..|
                                                                     ----)..|
                                                                     |...$.--
                                                                     |.---i|
                                                                     |.| |@|
                                                                  ----.| |.|
                                                                  |....| |)|
                                                               ---|.---- |.--
                                                               |..|.|    |^%|
                                                               |..|.--   --.|
                                                             ---.....--   |.|
                                                             |..<.....|   |.|
                                                             -........-   |.|
                                                            ......../..| --.--
                                                            ----......-- |...|
                                                               |......|  --..|
                                                               --.--`--   ----
                                                                ---
1112463359 the Skirmisher   St:18 Dx:12 Co:19 In:8 Wi:10 Ch:8  Lawful
Dlvl:3  $:14 HP:0(44) Pw:5(5) AC:6  Xp:3 T:3235  Burdened

Latest messages:
 The homunculus bites!
 In what direction? 7
 You kill the cave spider!
 The homunculus bites!
 You miss the homunculus.
 The homunculus bites!
 In what direction? 4
 The dagger hits the homunculus.
 The homunculus bites!
 The homunculus bites!
 You have no ammunition readied.
 What do you want to fire? [$H or ?*] H
 You ready: H - an aklys.
 In what direction? 4
 The aklys misses the homunculus.
 The homunculus bites!
 You have no ammunition readied.
 What do you want to fire? [$ or ?*] $
 You ready: $ - 18 gold pieces.
 In what direction? 4
 The gold piece misses the homunculus.
 The homunculus misses!
 In what direction? 4
 The gold piece misses the homunculus.
 The homunculus bites!
 The homunculus bites!
 In what direction? 4
 The gold piece misses the homunculus.
 The homunculus bites!
 In what direction? 4
 The gold piece misses the homunculus.
 The homunculus bites!
 The homunculus bites!
 You are put to sleep by the homunculus!
 The homunculus bites!
 The combat suddenly awakens you.
 You have a little trouble lifting F - a dagger (2 in total).
 The homunculus bites!
 What do you want to wield? [- oF or ?*] -
 You are bare handed.
 The homunculus bites!
 The homunculus bites!
 You are put to sleep by the homunculus!
 The homunculus bites!
 You die...
 Do you want your possessions identified? [ynq] (y) y
 Do you want to see your attributes? [ynq] (y) y
 Do you want an account of creatures vanquished? [ynaq] (y) y
 Do you want to see your conduct and achievements? [ynq] (y) y
 Do you want to see the dungeon overview? [ynq] (y) y

Inventory:
 Coins    ('$')
  $ - 14 gold pieces (in quiver pouch)
 Weapons  (')')
  o - 4 +0 arrows
  F - 2 +0 daggers
 Armor    ('[')
  B - an uncursed +0 orcish helm
  c - an uncursed +3 small shield (being worn)
 Comestibles  ('%')
  x - 2 uncursed cram rations
  w - an uncursed food ration
 Spellbooks  ('+')
  u - an uncursed spellbook of detect unseen
  f - an uncursed spellbook of protection
 Potions  ('!')
  p - an uncursed potion of healing
 Wands    ('/')
  v - a wand of speed monster (0:8)
 Tools    ('(')
  i - an uncursed locked chest containing 6 items
  t - an empty uncursed locked large box
  E - an uncursed figurine of a chameleon
 Boulders/Statues  ('`')
  s - an empty uncursed statue of a newt

Contents of the chest:
  69 gold pieces
  an uncursed food ration
  2 uncursed tripe rations
  an uncursed potion of healing
  an uncursed worthless piece of black glass
  an uncursed worthless piece of white glass

1112463359 the Valkyrie's attributes:

Background:
 You were a Skirmisher, a level 3 dwarven Valkyrie.
 You were lawful, nominally on a mission for Tyr
 who was opposed by Odin (neutral) and Loki (chaotic).
 You were right-handed.
 You were in the Gnomish Mines, on level 3.
 You entered the dungeon 3235 turns ago.
 You had 79 experience points, 1 more was needed to attain level 4.

Basics:
 You had 0 out of 44 hit points.
 You had all 5 energy points (spell power).
 Your armor class was 6.
 Your wallet contained 14 zorkmids, and
 you had 69 more stashed away in your pack.
 Autopickup was off.

Final Characteristics:
 Your strength was 18 (limit:18/100).
 Your dexterity was 12 (limit:20).
 Your constitution was 19 (limit:20).
 Your intelligence was 8 (limit:16).
 Your wisdom was 10 (limit:16).
 Your charisma was 8 (limit:16).

Final Status:
 You weren't hungry.
 You were burdened; movement was slightly slowed.
 You were bare handed.
 You were unskilled in bare handed combat.

Final Attributes:
 You were piously aligned.
 You were cold resistant.
 You had infravision.
 You were stealthy.
 You are dead.

Miscellaneous:
 You didn't encounter any bones levels.
 Total elapsed playing time was 50 minutes and 12 seconds.

Major events:
 Turn
    1: 1112463359 the lawful dwarven Valkyrie entered the dungeon
 2287: attained the rank of Skirmisher (level 3)
 2946: entered the Gnomish Mines
 3235: killed by a homunculus, while sleeping

You didn't know any spells.

Skills:
 Fighting Skills
   bare handed combat [Unskilled]
   two weapon combat  [Unskilled]
   riding             [Unskilled]
 Weapon Skills
   dagger             [Basic]
   axe                [Unskilled]
   pick-axe           [Unskilled]
   short sword        [Unskilled]
   broadsword         [Unskilled]
   long sword         [Unskilled]
   two-handed sword   [Unskilled]
   saber              [Unskilled]
   hammer             [Unskilled]
   quarterstaff       [Unskilled]
   polearms           [Unskilled]
   spear              [Basic]
   trident            [Unskilled]
   lance              [Unskilled]
   sling              [Unskilled]
 Spellcasting Skills
   attack spells      [Unskilled]
   escape spells      [Unskilled]

Voluntary challenges:
 Character rerolling was not enabled.
 You followed a strict vegan diet.
 You were an atheist.
 You were illiterate.
 You never genocided any monsters.
 You never polymorphed an object.
 You never changed form.
 You used no wishes.
Achievements:
 You attained the rank of Skirmisher.
 You entered the Gnomish Mines.

 The Dungeons of Doom: levels 1 to 2
    Level 1:
       Some fountains.
    Level 2:
       Stairs down to The Gnomish Mines.
 The Gnomish Mines:
    Level 3: <- You were here.
       Final resting place for
          you, killed by a homunculus, while sleeping.


Vanquished creatures:
 an iguana
  3 acid blobs
  a gas spore
  a giant rat
  2 cave spiders
  a red mold
  4 gnomes
  2 geckos
 11 jackals
  a fox
  2 kobolds
  a goblin
  2 sewer rats
 15 grid bugs
  8 lichens
  3 kobold zombies
  7 newts
65 creatures vanquished.

No species were genocided or became extinct.

Game over:
                       ----------
                      /          \
                     /    REST    \
                    /      IN      \
                   /     PEACE      \
                  /                  \
                  |    1112463359    |
                  |      83 Au       |
                  |   killed by a    |
                  |    homunculus    |
                  |                  |
                  |                  |
                  |       2026       |
                 *|     *  *  *      | *
        _________)/\\_//(\/(/\)/\//\/|_)_______

Farvel 1112463359 the Valkyrie...

You died in The Gnomish Mines on dungeon level 3 with 491 points,
and 83 pieces of gold, after 3235 moves.
You were level 3 with a maximum of 44 hit points when you died.

